 Dungeon Crawl Stone Soup version 0.21.1-1-g345015fe64 (webtiles) character file.

823 OlSheep the Thaumaturge (level 7, -4/36 HPs)
             Began as a Deep Elf Summoner on June 22, 2018.
             Was a Believer of Sif Muna.
             Shot with an arrow by a centaur (7 damage)
             ... on level 5 of the Dungeon.
             The game lasted 00:50:38 (4902 turns).

OlSheep the Thaumaturge (Deep Elf Summoner)         Turns: 4902, Time: 00:50:38

Health: -4/36      AC:  4    Str:  5    XL:     7   Next: 64%
Magic:  13/20      EV: 13    Int: 22    God:    Sif Muna [**....]
Gold:   229        SH:  0    Dex: 15    Spells: 13/22 levels left

rFire    . . .     SeeInvis .   g - +2 dagger (holy)
rCold    . . .     Gourm    .   (no shield)
rNeg     . . .     Faith    .   a - +0 robe
rPois    .         Spirit   .   l - +0 helmet
rElec    .         Reflect  .   (no cloak)
rCorr    .         Harm     .   D - +0 pair of gloves
MR       .....                  (no boots)
Stlth    ++........             (no amulet)
HPRegen  0.12/turn              (no ring)
MPRegen  0.17/turn              (no ring)

@: no status effects
A: no striking features
a: Divine Energy, Renounce Religion


You were on level 5 of the Dungeon.
You worshipped Sif Muna.
Sif Muna was pleased with you.
You were not hungry.

You visited 1 branch of the dungeon, and saw 6 of its levels.
You also visited: Ossuary.

You collected 229 gold pieces.

Inventory:

Hand Weapons
 g - a +2 dagger of holy wrath (weapon)
 p - a +1 vampiric dagger
 s - a +1 hand crossbow of freezing
 C - a +3 hand axe
Armour
 a - a +0 robe (worn)
 l - a +0 helmet (worn)
 D - a +0 pair of gloves (worn)
Jewellery
 E - an uncursed ring of fire {unknown}
Wands
 y - a wand of iceblast (7)
Scrolls
 d - a scroll of enchant weapon {unknown}
 e - 3 scrolls of teleportation
 f - a scroll of remove curse {unknown}
 j - a scroll of immolation {unknown}
 k - 2 scrolls of fog
 m - a scroll of fear {unknown}
 o - 2 scrolls of blinking {unknown}
 q - a scroll of identify
 r - 2 scrolls of magic mapping {unknown}
 t - 3 scrolls of amnesia {unknown}
Potions
 h - 3 potions of heal wounds
 n - 3 potions of curing
 u - a potion of magic {unknown}
 v - 2 potions of might
 w - 2 potions of invisibility {unknown}
 x - 3 potions of haste {unknown}
 z - 2 potions of mutation {unknown}
 A - a potion of degeneration {unknown}
 B - a potion of flight {unknown}
 F - a potion of cancellation {unknown}
Books
 b - a book of Callings

   Spells                             Type                      Level
   a - Summon Small Mammal            Summoning                    1
   b - Call Imp                       Summoning                    2
   c - Call Canine Familiar           Summoning                    3
   d - Summon Guardian Golem          Hexes/Summoning              3
   e - Summon Lightning Spire         Summoning/Air                4
   f - Summon Ice Beast               Ice/Summoning                4
Comestibles
 c - 6 rations
 i - 5 chunks of flesh


   Skills:
 + Level 3.0 Dodging
 + Level 3.5 Stealth
 + Level 8.2 Spellcasting
 + Level 7.7 Summonings


You had 13 spell levels left.
You knew the following spells:

 Your Spells              Type           Power        Failure   Level  Hunger
a - Summon Small Mammal   Summ           ####         1%          1    None
b - Call Imp              Summ           #####...     1%          2    None
c - Call Canine Familiar  Summ           #####...     1%          3    None
d - Summon Guardian Gole  Hex/Summ       ####....     4%          3    None


Dungeon Overview and Level Annotations

Branches:
Dungeon (6/15)
 Temple: D:4-7

Altars:
Elyvilon
Kikubaaqudgha
Okawaru
Sif Muna
Zin


Message History

The arrow closely misses you.
Your hound bites the centaur but does no damage.
The centaur shoots an arrow.
The arrow closely misses your hound. The arrow hits your crimson imp.
Your hound bites the centaur.
The centaur shoots an arrow.
The arrow hits your hound!
Your hound bites the centaur but does no damage.
The centaur shoots an arrow.
The arrow hits your hound!
Your hound dies!
Your hound's corpse disappears in a puff of smoke!
The centaur shoots an arrow.
The arrow misses your crimson imp. The arrow hits you.
The centaur shoots an arrow.
The arrow hits your crimson imp.
Your crimson imp hits the centaur.
You open the door.
The centaur shoots an arrow.
The arrow barely misses your crimson imp.
The arrow hits you!
* * * LOW HITPOINT WARNING * * *
Your crimson imp blinks!
The centaur shoots an arrow.
The arrow hits you!
You die...

#.# #............##..[......
##.####.........#.............
#...............#.............
#######.........#.....#.......
#......(>...............
#......#.)####......#...
#......+.....+......+...
#......#.....#......#...
#....(.@................
##...(.#...........#....
####ยง.5................
.c8..................
......................
#..............###.....
#......................
#................)....
#...................


You could see a centaur and a friendly guardian golem.

Vanquished Creatures
  A crimson imp (D:3)
  A hound (D:4)
  An orc (D:3)
  A goblin (D:2)
  A kobold (D:3)
5 creatures vanquished.

Vanquished Creatures (collateral kills)
  The ghost of PikkenKukken the Grave Robber, a novice DsNe (D:5)
  2 water moccasins (D:5)
  2 ogres (D:5)
  Blork the orc (D:5)
  2 elf zombies (Ossuary)
  A crimson imp (D:5)
  5 centaur zombies (Ossuary)
  5 human zombies (Ossuary)
  An orc wizard (D:4)
  2 iguanas
  A worker ant (D:4)
  3 mummies (Ossuary)
  5 adders
  2 oozes
  2 adder skeletons (D:4)
  3 dart slugs
  3 leopard geckos
  8 orcs
  2 ball pythons
  4 bats
  5 giant cockroaches
  10 goblins
  7 hobgoblins
  3 jackals (D:3)
  A quokka (D:2)
  3 frilled lizards
  2 goblin zombies (D:4)
  A jackal skeleton (D:4)
  13 kobolds
  5 rats
105 creatures vanquished.

Vanquished Creatures (others)
  An orc (D:4)
  A quokka (D:4)
2 creatures vanquished.

Grand Total: 112 creatures vanquished

Notes
Turn   | Place    | Note
-------+----------+-------------------------------------------
     0 | D:1      | OlSheep the Deep Elf Summoner began the quest for the Orb.
     0 | D:1      | Reached XP level 1. HP: 10/10 MP: 6/6
   399 | D:1      | Reached XP level 2. HP: 15/15 MP: 5/8
   500 | D:1      | Learned a level 2 spell: Call Imp
  1155 | D:2      | Found a deep blue altar of Sif Muna.
  1159 | D:2      | Became a worshipper of Sif Muna the Loreminder
  1307 | D:2      | Reached skill level 5 in Summonings
  1307 | D:2      | Reached XP level 3. HP: 18/19 MP: 2/10
  1774 | D:3      | Found an ancient bone altar of Kikubaaqudgha.
  1781 | D:3      | Reached skill level 4 in Spellcasting
  1879 | D:3      | Reached XP level 4. HP: 21/24 MP: 12/12
  1884 | D:3      | Learned a level 3 spell: Call Canine Familiar
  2101 | D:3      | Found an iron altar of Okawaru.
  2570 | D:4      | Reached * piety under Sif Muna
  2590 | D:4      | Found a glowing silver altar of Zin.
  2620 | D:4      | Reached skill level 5 in Spellcasting
  2620 | D:4      | Reached XP level 5. HP: 25/28 MP: 9/14
  2704 | D:4      | Found a sand-covered staircase.
  2733 | Ossuary  | Entered an ossuary
  2945 | Ossuary  | Reached XP level 6. HP: 32/32 MP: 1/16
  3031 | Ossuary  | Reached skill level 6 in Spellcasting
  3758 | D:4      | Found a white marble altar of Elyvilon.
  4145 | D:5      | Entered Level 5 of the Dungeon
  4285 | D:5      | Noticed Blork the orc
  4289 | D:5      | Noticed a water moccasin
  4292 | D:5      | Killed Blork the orc
  4552 | D:5      | Reached skill level 7 in Spellcasting
  4552 | D:5      | Reached XP level 7. HP: 36/36 MP: 9/19
  4598 | D:5      | Noticed PikkenKukken's ghost (novice DsNe)
  4607 | D:5      | Killed PikkenKukken's ghost
  4607 | D:5      | Reached ** piety under Sif Muna
  4760 | D:5      | Learned a level 3 spell: Summon Guardian Golem
  4795 | D:5      | Reached skill level 8 in Spellcasting
  4902 | D:5      | Shot with an arrow by a centaur

Skill      XL: |  1  2  3  4  5  6  7 |
---------------+----------------------+-----
Summonings     | 5 6 7 |  7.7
Spellcasting   | 4 5 7 8 |  8.2
Stealth        | 3 |  3.5
Dodging        | 3 |  3.0

Action                   |  1- 3 |  4- 6 |  7- 9 || total
-------------------------+-------+-------+-------++-------
Melee: Dagger            |    30 |    13 |       ||    43
 Cast: Summon Small Mamm |    77 |    34 |    19 ||   130
       Call Imp          |     9 |    21 |     4 ||    34
       Call Canine Famil |       |    18 |     4 ||    22
       Summon Guardian G |       |       |     3 ||     3
  Use: Scroll            |     4 |     4 |       ||     8
       Potion            |       |     1 |       ||     1
  Eat: Chunk             |     3 |     5 |     1 ||     9
       Ration            |       |     1 |       ||     1
Armor: Robe              |     7 |     5 |       ||    12
Dodge: Dodged            |    44 |    24 |     2 ||    70
